 Dungeon Crawl Stone Soup version 0.23.2-33-g5129a83184 (webtiles) character file.

Game seed: 6554777192771784258

126 H0rd4k the Charlatan (level 5, -6/37 HPs)
             Began as a Human Artificer on Aug 7, 2019.
             Mangled by a hornet (10 damage)
             ... on level 3 of the Dungeon.
             The game lasted 00:02:58 (2301 turns).

H0rd4k the Charlatan (Human Artificer)              Turns: 2301, Time: 00:02:59

Health: -6/37      AC:  3    Str: 14    XL:     5   Next: 32%
Magic:  7/7        EV: 12    Int: 11    God:
Gold:   26         SH:  0    Dex: 13    Spells: 4/4 levels left

rFire    . . .     SeeInvis .   t - +0 dagger (elec)
rCold    . . .     Gourm    .   (no shield)
rNeg     . . .     Faith    .   b - +0 leather armour
rPois    .         Spirit   .   (no helmet)
rElec    .         Reflect  .   (no cloak)
rCorr    .         Harm     .   (no gloves)
MR       .....                  (no boots)
Stlth    +.........             g - amulet of the acrobat
HPRegen  0.12/turn              (no ring)
MPRegen  0.10/turn              (no ring)

@: no status effects
A: no striking features
a: no special abilities


You were on level 3 of the Dungeon.
You were not hungry.

You visited 1 branch of the dungeon, and saw 3 of its levels.

You collected 26 gold pieces.

Inventory:

Hand Weapons
 a - a +0 short sword
 p - a +1 spear of freezing
 s - a +0 falchion
 t - a +0 dagger of electrocution (weapon)
Armour
 b - a +0 leather armour (worn)
Jewellery
 g - an amulet of the acrobat (around neck)
Wands
 c - a wand of flame (6)
 d - a wand of enslavement (15)
 e - a wand of random effects (10)
Scrolls
 h - 3 scrolls of identify {unknown}
 k - a scroll of magic mapping {unknown}
 l - 3 scrolls of amnesia {unknown}
 m - a scroll of teleportation {unknown}
 n - 2 scrolls of remove curse {unknown}
Potions
 i - 2 potions of curing {unknown}
 j - a potion of mutation {unknown}
 o - a potion of agility {unknown}
 q - a potion of flight {unknown}
 r - a potion of might {unknown}
Comestibles
 f - 5 rations
 u - a chunk of flesh


   Skills:
 + Level 1.6 Fighting
 + Level 2.2(2.3) Short Blades
 + Level 0.1(1.3) Long Blades
 + Level 1.9 Armour
 + Level 2.6 Dodging
 + Level 1.1 Stealth
 + Level 3.9 Evocations


You had 4 spell levels left.
You didn't know any spells.
Your spell library was empty.

Dungeon Overview and Level Annotations

Branches:
Dungeon (3/15)

Altars:
Elyvilon
Uskayaw
Xom

Annotations:
D:2 Terence
D:3 1 runed translucent door


Message History

The bat barely misses you.
Evoke which item? (* to show all) (? for menu, Esc to quit)
Aiming: Random Effects
Press: ? - help, Shift-Dir - straight line The fireball explodes!
The fireball engulfs the bat!
You kill the bat!
The fireball engulfs you!
You hear a bark!
You hear a shout!
Evoke which item? (* to show all) (? for menu, Esc to quit)
Aiming: Random Effects
Press: ? - help, Shift-Dir - straight line The mass of ice explodes!
The iceblast engulfs something!
The iceblast engulfs the rat!
You kill the rat!
The iceblast engulfs the quokka!!
You kill the quokka!
The iceblast engulfs you!
* * * LOW HITPOINT WARNING * * *
Something stings you!
You die...

......_.. .. .... #. ...#
######.##..# ..........#
.........(## .......(.(.#
...........###
....r...@....##
...>.g.....#..###########
...........##.รท..........
..........##############.
......?..## ## ##########


You could see a goblin and a rat.

Vanquished Creatures
  An orc wizard (D:2)
  3 adders
  3 oozes
  3 worms (D:2)
  A leopard gecko (D:3)
  4 orcs (D:2)
  2 giant cockroaches
  4 goblins
  3 hobgoblins (D:2)
  4 jackals (D:2)
  A quokka (D:3)
  2 ball pythons
  6 bats
  2 frilled lizards
  3 kobolds
  7 rats
49 creatures vanquished.

Vanquished Creatures (others)
  4 toadstools (D:1)
4 creatures vanquished.

Grand Total: 53 creatures vanquished

Notes
Turn   | Place    | Note
-------+----------+-------------------------------------------
     0 | D:1      | H0rd4k the Human Artificer began the quest for the Orb.
     0 | D:1      | Reached XP level 1. HP: 15/15 MP: 3/3
    26 | D:1      | Reached XP level 2. HP: 20/21 MP: 4/4
   613 | D:2      | Reached XP level 3. HP: 25/26 MP: 5/5
   898 | D:2      | Found a shimmering altar of Xom.
  1044 | D:2      | Found a faded altar of an unknown god.
  1218 | D:2      | Reached skill level 1 in Armour
  1218 | D:2      | Reached XP level 4. HP: 19/32 MP: 6/6
  1527 | D:2      | Reached XP level 5. HP: 20/37 MP: 7/7
  1740 | D:2      | Found a white marble altar of Elyvilon.
  1760 | D:2      | Noticed Terence
  2236 | D:3      | Found a runed translucent door.
  2294 | D:3      | Found a hide-covered altar of Uskayaw.
  2296 | D:3      | Noticed a hornet
  2301 | D:3      | Mangled by a hornet

Skill      XL: |  1  2  3  4 |
---------------+-------------+-----
Armour         | 1 |  1.9
Short Blades   | 2 |  2.2
Fighting       | |  1.6
Long Blades    | |  0.1
Dodging        | |  2.6
Stealth        | |  1.1
Evocations     | |  3.9

Action                   |  1- 3 |  4- 6 || total
-------------------------+-------+-------++-------
Melee: Short sword       |   102 |    61 ||   163
       Falchion          |       |    28 ||    28
       Dagger            |       |     8 ||     8
Evoke: Wand              |     7 |     7 ||    14
 Stab: Sleeping          |     1 |       ||     1
  Eat: Chunk             |     1 |     4 ||     5
Armor: Leather armour    |    17 |    36 ||    53
Dodge: Dodged            |    52 |    84 ||   136
       Rpst.: Falchion   |       |    14 ||    14
